 Dungeon Crawl Stone Soup version 0.28-a0-674-gdaf460b524 (webtiles) character file.

Game seed: 2051359613072066497

321 tatocazan the Skirmisher (level 6, -1/49 HPs)
             Began as a Demonspawn Fighter on Oct 17, 2021.
             Slain by a white imp (3 damage)
             ... on level 5 of the Dungeon.
             The game lasted 00:04:46 (3989 turns).

tatocazan the Skirmisher (Demonspawn Fighter)       Turns: 3989, Time: 00:04:46

Health: -1/49      AC: 11    Str: 18    XL:     6   Next: 22%
Magic:  6/6        EV:  7    Int: 10    God:
Gold:   169        SH:  5    Dex: 12    Spells: 5/5 levels left

rFire   . . .      SeeInvis .   a - +0 war axe
rCold   . . .      Faith    .   c - +0 buckler
rNeg    . . .      Spirit   .   j - +0 chain mail
rPois   .          Reflect  .   (no helmet)
rElec   .          Harm     .   (no cloak)
rCorr   .          Rampage  .   (no gloves)
Will    .....                   n - +0 pair of boots
Stlth   ..........              (no amulet)
HPRegen 0.16/turn               (no ring)
MPRegen 0.10/turn               (no ring)

@: no status effects
A: rugged brown scales 1, weakness stinger 2
a: no special abilities


You were on level 5 of the Dungeon.
You visited 1 branch of the dungeon, and saw 5 of its levels.

You collected 169 gold pieces.

Inventory:

Hand Weapons
 a - a +0 war axe (weapon)
Armour
 b - a +0 scale mail
 c - a +0 buckler (worn)
 j - a +0 chain mail (worn)
 n - a +0 pair of boots (worn)
Scrolls
 d - a scroll of teleportation {unknown}
 m - a scroll of enchant armour {unknown}
 o - a scroll of noise
 p - a scroll of identify
Potions
 e - a potion of lignification {unknown}
 f - a potion of curing
 g - a potion of heal wounds {unknown}
 h - a potion of cancellation {unknown}
 i - a potion of attraction {unknown}
 l - a potion of haste {unknown}


   Skills:
 + Level 4.3 Fighting
 + Level 3.3 Axes
 + Level 4.0 Armour
 + Level 3.9 Shields


You had 5 spell levels left.
You didn't know any spells.
Your spell library contained the following spells:

 Spells                   Type           Power      Damage    Failure   Level
 Apportation              Tloc           0%         N/A       99%         1
 Summon Small Mammal      Summ           0%         N/A       99%         1
 Call Canine Familiar     Summ           0%         N/A       100%        3
 Summon Guardian Golem    Hex/Summ       0%         N/A       100%        3
 Hailstorm                Conj/Ice       0%         3d3       100%        4
 Ice Form                 Ice/Tmut       0%         N/A       100%        4
 Alistair's Intoxication  Tmut/Pois      0%         N/A       100%        5
 Invisibility             Hex            0%         N/A       100%        6
 Simulacrum               Ice/Necr       0%         N/A       100%        6


Dungeon Overview and Level Annotations

Branches:
Dungeon (5/15)
 Temple: D:4-7

Altars:
The Shining One
Beogh


Innate Abilities, Weirdness & Mutations

You are partially covered in rugged brown scales. (AC +1, +3% HP)
You have a tail ending in a sharp stinger.


Message History

As you read the scroll labelled NITITU PEIMADA, it crumbles to dust.
You assume a fearsome visage.
The orc priest looks frightened! x2
The orc wizard looks frightened!
The orc looks frightened!
It was a scroll of fear.
The orc wizard gestures wildly while chanting.
The orc wizard flickers and vanishes!
Deactivating autopickup; reactivate with Ctrl-A.
Cornered, the orc priest turns to fight!
Things that are here:
a +0 short sword; a +0 chain mail; an orc corpse The orc priest invokes the aid of Beogh against you.
Beogh smites you!
* * * LOW HITPOINT WARNING * * *
You take 8 damage, and have 5/49 hp.
It was a potion of curing.
You feel better.
You regained 10 hp, and now have 15/49 hp.
The orc priest begins to cast a cantrip, but forgets the words!
There is a stone staircase leading down here.
The orc seems to regain its courage.
The orc priest calls down the wrath of Beogh upon you.
Beogh smites you!
* * * LOW HITPOINT WARNING * * *
You climb downwards.
Reactivating autopickup.
There is a stone staircase leading up here.
You take 13 damage, and have 4/49 hp.
MASSIVE DAMAGE!!
A white imp comes into view.
The white imp shouts!
The white imp lashes its tail.
A white imp is nearby!
The white imp gestures at you.
The puff of frost hits you but does no damage.
The white imp gestures at you. The puff of frost hits you.
* * * LOW HITPOINT WARNING * * *
You take 1 damage, and have 4/49 hp.
You closely miss the white imp. The white imp hits you.
* * * LOW HITPOINT WARNING * * *
The white imp freezes you.
You die...

...........#
#.........##
#.........
#......
#...#
#.<###...
#.....5...
#5#######.
#@# #.# #.#
#.# #..#
#.## #. ..
#..


You could see a white imp.

Vanquished Creatures
  A necrophage (D:4)
  2 orc priests (D:3)
  Jessica (D:2)
  A howler monkey skeleton (D:4)
  3 gnolls (D:3)
  5 adders
  A worm (D:2)
  2 dart slugs (D:3)
  8 orcs
  5 endoplasms
  2 hobgoblins
  4 kobolds
  5 ball pythons
  4 bats
  3 frilled lizards
  6 goblins
  3 rats (D:2)
56 creatures vanquished.

Notes
Turn   | Place    | Note
-------+----------+-------------------------------------------
     0 | D:1      | tatocazan the Demonspawn Fighter began the quest for the
                  | Orb.
     0 | D:1      | Reached XP level 1. HP: 18/18 MP: 1/1
   779 | D:2      | Gained mutation: You have a small tail. [demonic ancestry]
   779 | D:2      | Reached XP level 2. HP: 24/24 MP: 2/2
  1042 | D:2      | Found a faded altar of an unknown god.
  1126 | D:2      | Gained mutation: You have a tail ending in a sharp stinger.
                  | [demonic ancestry]
  1126 | D:2      | Reached XP level 3. HP: 29/29 MP: 3/3
  1649 | D:3      | Noticed Jessica
  1657 | D:2      | Killed Jessica
  1658 | D:2      | Reached XP level 4. HP: 35/35 MP: 4/4
  2120 | D:3      | Reached XP level 5. HP: 13/42 MP: 5/5
  3766 | D:4      | Noticed a necrophage
  3777 | D:4      | Killed a necrophage
  3778 | D:4      | Gained mutation: You are partially covered in rugged brown
                  | scales. (AC +1, +3% HP) [demonic ancestry]
  3778 | D:4      | Reached XP level 6. HP: 42/49 MP: 6/6
  3979 | D:5      | Entered Level 5 of the Dungeon
  3989 | D:5      | HP: 2/49 [white imp (2)]
  3989 | D:5      | Slain by a white imp

Illustrated notes

Levels and vault maps discovered:
D:1:      mrwooster_arrival_statue, layout_loops_ring
D:2:      layout_rooms, hellmonk_ecumenical_altar_inner_sanctum,
          hangedman_glass_teeth
D:3:      layout_loops_ring, mainiacjoe_overflow_catwalk, serial_glass,
          glass_columns_b, glass_columns_a, uniq_jessica
D:4:      layout_basic, kennysheep_orc_chapel
D:5:      layout_loops_ring, kennysheep_generic_room_13

Skill      XL: |  1  2  3  4  5 |
---------------+----------------+-----
Axes           | 2 3 |  3.3
Armour         | 3 4 |  4.0
Shields        | 3 |  3.9
Fighting       | 4 |  4.3

Action                   |  1- 3 |  4- 6 || total
-------------------------+-------+-------++-------
Melee: War axe           |    56 |   106 ||   162
       Tailslap          |     5 |    14 ||    19
  Use: Potion            |       |     2 ||     2
       Scroll            |       |     2 ||     2
Armor: Scale mail        |    24 |       ||    24
       Chain mail        |    13 |    74 ||    87
Dodge: Dodged            |    22 |    46 ||    68
Block: Buckler           |    12 |    27 ||    39

Table legend: (Time is in decaauts)
 A = Elapsed time spent in this place.
 B = Non-inter-level travel time spent in this place.
 C = Inter-level travel time spent in this place.
 D = Time resting spent in this place.
 E = Time spent auto-exploring this place.
 F = Levels seen in this place.
 G = Mean time per level.
                   A        B        C        D        E       F      G
               +--------+--------+--------+--------+--------+-----+--------+
         Total |   4060 |   3953 |    107 |   1375 |   1969 |   5 |  812.0 |
       Dungeon |   4060 |   3953 |    107 |   1375 |   1969 |   5 |  812.0 |
               +--------+--------+--------+--------+--------+-----+--------+

Top non-repeatable levels by time:
     D:2: 1733 daAuts
     D:3: 1147 daAuts
     D:1: 757 daAuts
     D:4: 411 daAuts
     D:5: 9 daAuts
